 Seeded DCSS version 0.29-a0-397-g846e4a0bbc (webtiles) character file.

Game seed: 14875320075521095149 (custom seed)

3697 zeratav the Geomancer (level 10, -1/56 HPs)
             Began as an Octopode Earth Elementalist on May 11, 2022.
             Was an Initiate of Gozag.
             Slain by an orc warrior
             ... wielding a +0 scimitar
              (13 damage)
             ... on level 8 of the Dungeon.
             The game lasted 00:15:39 (10251 turns).

zeratav the Geomancer (OpEE)                       Turns: 10251, Time: 00:15:40

Health: -1/56      AC:  3    Str:  7    XL:     10   Next: 13%
Magic:  9/20       EV: 13    Int: 24    God:    Gozag
Gold:   663        SH:  0    Dex: 13    Spells: 13/23 levels left

rFire   . . .      SeeInvis .   w - +4 whip (elec) {mace}
rCold   . . .      Faith    .   (no shield)
rNeg    . . .      Spirit   .   (helmet restricted)
rPois   .          Reflect  .   (no amulet)
rElec   .          Harm     .   (no ring)
rCorr   .          Rampage  .   (no ring)
Will    .....                   (no ring)
Stlth   +++.......              (no ring)
HPRegen 0.18/turn               (no ring)
MPRegen 0.17/turn               (no ring)
                                (no ring)
                                (no ring)

@: no status effects
A: almost no armour, amphibious, 8 rings, camouflage 1, gelatinous body 1,
(nimble swimmer 1), tentacles, iridescent scales 1, clever 1
a: Renounce Religion, Potion Petition, Call Merchant, Bribe Branch


You were on level 8 of the Dungeon.
You worshipped Gozag.
Gozag was pleased with you.
You visited 2 branches of the dungeon, and saw 9 of its levels.

You collected 761 gold pieces.
You paid 98 gold pieces to Gozag.


Innate Abilities, Weirdness & Mutations

You cannot wear most types of armour.
You are amphibious.
You can wear up to eight rings at the same time.
Your skin changes colour to match your surroundings (Stealth+).
Your rubbery body absorbs attacks. (AC +1, EV +1)
((You are camouflaged when in or above water. (Stealth+)))
You have tentacles for arms and can constrict up to eight enemies at once.
You are partially covered in iridescent scales. (AC +2)
Your mind is acute. (Int +2)


   Skills:
 - Level 2.0 Dodging
 - Level 2.6 Stealth
 - Level 7.0 Spellcasting
 + Level 7.4 Transmutations
 - Level 10.2 Earth Magic


You had 13 spell levels left.
You knew the following spells:

 Your Spells              Type           Power      Damage    Failure   Level
a - Sandblast             Erth           100%       2d20      1%          1
b - Stone Arrow           Conj/Erth      66%        3d11      2%          3
c - Statue Form           Tmut/Erth      33%        N/A       28%         6

Your spell library contained the following spells:

 Spells                   Type           Power      Damage    Failure   Level
 Passwall                 Tmut/Erth      41%        N/A       1%          2
 Petrify                  Tmut/Erth      50%        N/A       1%          4
 Foxfire                  Conj/Fire      32%        2x1d5     7%          1
 Shock                    Conj/Air       32%        1d5       7%          1
 Blade Hands              Tmut           22%        N/A       10%         5
 Corpse Rot               Necr/Air       16%        N/A       11%         2
 Poisonous Vapours        Pois/Air       16%        N/A       11%         2
 Conjure Flame            Conj/Fire      8%         6-21      22%         3
 Inner Flame              Hex/Fire       8%         N/A       22%         3
 Swiftness                Air            8%         N/A       22%         3
 Alistair's Intoxication  Tmut/Pois      17%        N/A       41%         5
 Yara's Violent Unravell  Hex/Tmut       13%        3d7       41%         5
 Airstrike                Air            4%         N/A       56%         4
 Flame Wave               Conj/Fire      8%         2d5       56%         4
 Iron Shot                Conj/Erth      16%        9d4       80%         6
 Animate Armour           Summ/Erth      Unusable   N/A       N/A         4

Inventory:

Hand Weapons
 i - a +4 dagger of venom {short}
   (You took it off a kobold on level 1 of the Dungeon)
 w - a +4 whip of electrocution (weapon) {mace}
   (You took it off an orc on level 5 of the Dungeon)
Missiles
 a - 140 stones {throwing}
Armour
 k - a +2 kite shield of protection
   (You found it on level 2 of the Dungeon)
Jewellery
 B - an amulet of faith {!P}
   (You found it on level 6 of the Dungeon)
 F - an amulet of regeneration {@e2}
   (You found it on level 8 of the Dungeon)
Wands
 d - a wand of iceblast (10)
   (You found it on level 8 of the Dungeon)
 u - a wand of polymorph (8)
   (You found it on level 4 of the Dungeon)
 y - a wand of paralysis (19)
   (You found it on level 5 of the Dungeon)
 C - a wand of flame (54)
   (You took it off a wight on level 6 of the Dungeon)
 D - a wand of charming (2)
   (You found it on level 7 of the Dungeon)
Scrolls
 e - 2 scrolls of enchant armour
 g - 2 scrolls of poison {unknown}
 l - 3 scrolls of teleportation {@r4}
 o - a scroll of immolation {unknown}
 q - a scroll of vulnerability {unknown}
 r - 2 scrolls of fog {unknown}
 s - 2 scrolls of fear {unknown}
 t - a scroll of blinking {!r}
 z - 2 scrolls of enchant weapon {unknown}
 A - a scroll of brand weapon {unknown}
 E - 4 scrolls of identify {@r1}
 H - a scroll of amnesia {unknown}
Potions
 b - a potion of magic
 c - 4 potions of haste {@q3}
 f - a potion of invisibility {unknown}
 h - a potion of might {unknown}
 j - 2 potions of flight {unknown}
 m - 2 potions of mutation {!q}
 n - 2 potions of attraction {unknown}
 p - 4 potions of curing {@q1}
 v - a potion of ambrosia {unknown}
 x - 2 potions of brilliance {unknown}
 G - a potion of berserk rage {unknown}

Dungeon Overview and Level Annotations

Branches:
Dungeon (8/15)             Temple (1/1) D:6
   Lair: D:8-11

Altars:
Ashenzari
Cheibriados
Dithmenos
Elyvilon
Fedhas
Gozag
Hepliaklqana
Kikubaaqudgha
Makhleb
Nemelex Xobeh
Okawaru
Qazlal
Ru
Sif Muna
Trog
Uskayaw
Wu Jian
Xom
Yredelemnul
Zin
The Shining One

Shops:
D:4 (   D:8 [

Annotations:
D:7 Joseph

......#........[))...............
###########).#.#..........###....
.#.............#..........# #....
.###.#######...#..........# #....
...#.# #.......#..........# #....
.#.#.###.##....#..........# #....
.........##.#..#........### #....
...#.######.#.)#.#.####.# #....
............#..)@..# #.# #....
.#.#.##########[[o.####.#####.###
........................#.....###
....................#####.....#..
##..############)...# #........
.........#######>.#######.....#..
.........oo......................
..#.####.########.##########.#.##
....#.....(# #.# #.#...


You could see an orc warrior.


Message History

HP[-22] MP[+1]
You take 22 damage, and now have 12/56 hp.
MASSIVE DAMAGE!! (PAUSE)
You hit the orc warrior but do no damage.
You constrict the orc warrior, but do no damage.
The orc warrior closely misses you. The orc barely misses you.
Blink to where?
Press: ? - help, Q - select action, (/) - cycle Dir - move target, p - orc warrior You lose your grip on the orc warrior.
As you read the scroll of blinking {!r}, it crumbles to dust.
HP[+1] MP[+1]
There is a stone staircase leading down here.
HP[+1]
Items here: )) [[.
MP[+1]
There is a stone staircase leading up, spattered with blood here.
HP[+1]
Casting: Stone Arrow (dangerous; 2% risk of failure)
Confirm with . or Enter, or press ? or * to list all spells.
Aiming: Stone Arrow (dangerous; 2% risk of failure)
Press: ? - help, Shift-Dir - straight line, f - orc warrior
Aim: an orc warrior, wielding a +0 scimitar and wearing a +0 plate armour (almost dead, 74% to hit)
The stone arrow misses the orc warrior.
The stone arrow hits the orc!!
You kill the orc!
MP[-3]
You lost 3 mp, and now have 4/20 mp.
You climb upwards.
Level annotation: Joseph
There is a stone staircase leading down, spattered with blood here.
HP[+1] MP[+1]
You start resting.
HP[+15] MP[+15]
You regained 15 hp, and now have 31/56 hp.
Your mp is fully restored (20).
You start resting.
HP[+25]
Your hp is fully restored (56).
You climb downwards.
The orc warrior barely misses you.
The orc warrior hits you with a +0 scimitar!
There is a stone staircase leading up, spattered with blood here.
HP[-15]
You take 15 damage, and now have 41/56 hp.
MASSIVE DAMAGE!! (PAUSE)
Casting: Stone Arrow (dangerous; 2% risk of failure)
Confirm with . or Enter, or press ? or * to list all spells.
Aiming: Stone Arrow (dangerous; 2% risk of failure)
Press: ? - help, Shift-Dir - straight line, f - orc warrior
Aim: an orc warrior, wielding a +0 scimitar and wearing a +0 plate armour (lightly wounded, 74% to hit)
The stone arrow hits the orc warrior.
The orc warrior closely misses you.
MP[-3]
You lost 3 mp, and now have 17/20 mp.
Casting: Stone Arrow (dangerous; 2% risk of failure)
Confirm with . or Enter, or press ? or * to list all spells.
Aiming: Stone Arrow (dangerous; 2% risk of failure)
Press: ? - help, Shift-Dir - straight line, f/p - orc warrior
Aim: an orc warrior, wielding a +0 scimitar and wearing a +0 plate armour (moderately wounded, 74% to hit)
The stone arrow misses the orc warrior.
The orc warrior hits you with a +0 scimitar!
HP[-12] MP[-3]
You take 12 damage, and now have 29/56 hp.
MASSIVE DAMAGE!! (PAUSE)
You lost 3 mp, and now have 14/20 mp.
Casting: Stone Arrow (dangerous; 2% risk of failure)
Confirm with . or Enter, or press ? or * to list all spells.
Aiming: Stone Arrow (dangerous; 2% risk of failure)
Press: ? - help, Shift-Dir - straight line, f/p - orc warrior
Aim: an orc warrior, wielding a +0 scimitar and wearing a +0 plate armour (moderately wounded, 74% to hit)
The stone arrow hits the orc warrior!
The orc warrior hits you with a +0 scimitar!
* * * LOW HITPOINT WARNING * * *
HP[-10] MP[-3]
You take 10 damage, and now have 19/56 hp.
You lost 3 mp, and now have 11/20 mp.
Casting: Stone Arrow (dangerous; 2% risk of failure)
Confirm with . or Enter, or press ? or * to list all spells.
Aiming: Stone Arrow (dangerous; 2% risk of failure)
Press: ? - help, Shift-Dir - straight line, f/p - orc warrior
Aim: an orc warrior, wielding a +0 scimitar and wearing a +0 plate armour (heavily wounded, 74% to hit)
The stone arrow misses the orc warrior.
The orc warrior hits you with a +0 scimitar!
* * * LOW HITPOINT WARNING * * *
HP[-10] MP[-3]
You take 10 damage, and now have 9/56 hp.
You lost 3 mp, and now have 8/20 mp.
Casting: Stone Arrow (dangerous; 2% risk of failure)
Confirm with . or Enter, or press ? or * to list all spells.
Okay, then.
Aiming: Paralyse
Press: ? - help, Q - select action, (/) - cycle Shift-Dir - straight line, f/p - orc warrior
Aim: an orc warrior, wielding a +0 scimitar and wearing a +0 plate armour (heavily wounded, chance to affect: 49%)
The orc warrior resists with some effort.
The orc warrior hits you with a +0 scimitar.
* * * LOW HITPOINT WARNING * * *
HP[-2]
You take 2 damage, and now have 7/56 hp.
You feel better.
The orc warrior hits you with a +0 scimitar!
You die...
Your body crumbles into a pile of gold.

Skill      XL: |  1  2  3  4  5  6  7  8  9 10 |
---------------+-------------------------------+-----
Earth Magic    | 4 5 6 7 9 10 | 10.2
Spellcasting   | 3 4 5 6 7 |  7.0
Transmutations | 6 7 |  7.4
Dodging        | |  2.0
Stealth        | |  2.6

Action                   |  1- 3 |  4- 6 |  7- 9 | 10-12 || total
-------------------------+-------+-------+-------+-------++-------
Melee: Unarmed           |    51 |       |       |       ||    51
       Tentacles         |    15 |    16 |    21 |     2 ||    54
       Constrict         |    14 |    12 |    19 |     1 ||    46
       Punch             |     2 |     3 |     1 |     1 ||     7
       Dagger            |     6 |    57 |       |       ||    63
       Whip              |       |     6 |    72 |     4 ||    82
 Cast: Sandblast         |    13 |    28 |    38 |       ||    79
       Stone Arrow       |       |       |    62 |    20 ||    82
Evoke: Wand              |       |       |       |     1 ||     1
  Use: Potion            |     1 |       |     5 |     1 ||     7
       Scroll            |       |       |     7 |     1 ||     8
 Stab: Sleeping          |     4 |    11 |     1 |       ||    16
Armor: Skin              |     7 |     6 |    11 |       ||    24
Dodge: Dodged            |    37 |    35 |    99 |     9 ||   180

Levels and vault maps discovered:
D:1:      mushboom_english_gardens, layout_rooms, shapermc_ecumenical_altar_gd
D:2:      layout_loops_cross, nicolae_elevator_lobby_plus, uniq_natasha
D:3:      layout_basic, mainiacjoe_overflow_concentric_impassable
D:4:      layout_loops_ring, serial_shops, nicolae_shop_stone
D:5:      layout_loops_cross, mainiacjoe_overflow_catch_the_wave,
          wad_woods_river_04
D:6:      layout_loops_corners, old_standard_altar,
          nicolae_wu_jian_immortal_techniques,
          minmay_temple_entry_statues_pillars, wad_floor_pattern_1
D:7:      layout_rooms, st_stairs_1, kennysheep_nondescript,
          corexii_item_surrounded_by_moat, hex_medium, uniq_joseph
D:8:      layout_basic, serial_shops, nicolae_shop_behind_doors, uniq_maurice,
          uniq_grum
Temple:   eino_temple_rhombus

Notes
Turn   | Place    | Note
-------+----------+-------------------------------------------
     0 | D:1      | zeratav the Octopode Earth Elementalist began the quest for
                  | the Orb.
     0 | D:1      | Reached XP level 1. HP: 11/11 MP: 3/3
     0 | D:1      | magus.rc [v1.9.6]
    56 | D:1      | Gained mutation: You are partially covered in iridescent
                  | scales. (AC +2) [potion of mutation]
    56 | D:1      | Gained mutation: Your mind is acute. (Int +2) [potion of
                  | mutation]
   237 | D:1      | You fall into a shaft and drop 1 floor!
   478 | D:1      | Found a faded altar of an unknown god.
   483 | D:1      | You pick up a book of Vapours and begin reading...
   483 | D:1      | You add the spells Poisonous Vapours and Corpse Rot to your
                  | library.
   501 | D:1      | Reached XP level 2. HP: 15/17 MP: 5/5
   881 | D:1      | Reached XP level 3. HP: 14/21 MP: 3/6
  1506 | D:2      | Noticed Natasha
  1513 | D:2      | Killed Natasha
  1514 | D:2      | Reached skill level 4 in Earth Magic
  1607 | D:2      | Reached XP level 4. HP: 27/27 MP: 8/8
  1919 | D:2      | Noticed Natasha
  1924 | D:2      | Killed Natasha
  1925 | D:2      | Reached skill level 3 in Spellcasting
  2360 | D:2      | Noticed Natasha
  2366 | D:2      | Killed Natasha
  2367 | D:2      | Reached XP level 5. HP: 22/31 MP: 7/9
  2471 | D:3      | Found a shadowy altar of Dithmenos.
  2658 | D:3      | Reached skill level 5 in Earth Magic
  3369 | D:4      | Found Hinaabuo's Antique Weapon Shoppe.
  3541 | D:4      | You pick up a book of Flames and begin reading...
  3541 | D:4      | You add the spells Foxfire, Conjure Flame, Inner Flame and
                  | Flame Wave to your library.
  3708 | D:4      | Reached XP level 6. HP: 17/36 MP: 11/11
  4016 | D:4      | You pick up a book of Air and begin reading...
  4016 | D:4      | You add the spells Shock, Swiftness and Airstrike to your
                  | library.
  4040 | D:5      | Entered Level 5 of the Dungeon
  4114 | D:5      | You pick up a book of Air and begin reading...
  4226 | D:5      | Reached skill level 6 in Earth Magic
  4461 | D:5      | Learned a level 3 spell: Stone Arrow
  4520 | D:5      | You add the spells Yara's Violent Unravelling, Alistair's
                  | Intoxication and Statue Form to your library.
  4520 | D:5      | Got the Almanac of Unstable Clay
  4566 | D:5      | Reached skill level 4 in Spellcasting
  4675 | D:5      | Found a burning altar of Makhleb.
  4682 | D:5      | Reached XP level 7. HP: 30/41 MP: 13/13
  4970 | D:5      | Found an iron altar of Okawaru.
  5085 | D:6      | Reached skill level 7 in Earth Magic
  5387 | D:6      | Found an ornate altar of the Wu Jian Council.
  5448 | D:6      | Reached skill level 5 in Spellcasting
  5448 | D:6      | Reached XP level 8. HP: 41/46 MP: 5/15
  5450 | D:6      | Reached skill level 8 in Earth Magic
  5562 | D:6      | Found a hide-covered altar of Uskayaw.
  6318 | D:6      | Found a staircase to the Ecumenical Temple.
  6324 | Temple   | Entered the Ecumenical Temple
  6479 | Temple   | Became a worshipper of Gozag Ym Sagoz the Greedy
  6538 | D:6      | Reached skill level 9 in Earth Magic
  6964 | D:7      | You pick up a book of Iron and begin reading...
  6964 | D:7      | You add the spells Blade Hands and Iron Shot to your
                  | library.
  6968 | D:7      | Noticed Joseph
  7113 | D:7      | Reached skill level 6 in Spellcasting
  7213 | D:7      | Reached XP level 9. HP: 42/51 MP: 18/18
  7332 | D:7      | Reached skill level 10 in Earth Magic
  7960 | D:7      | Reached skill level 2 in Transmutations
  8116 | D:7      | Reached skill level 7 in Spellcasting
  8326 | D:8      | Noticed Grum
  8328 | D:8      | Reached skill level 3 in Transmutations
  8534 | D:8      | Learned a level 6 spell: Statue Form
  8576 | D:7      | Killed Grum
  8577 | D:7      | Reached skill level 4 in Transmutations
  8651 | D:8      | HP: 11/51 [wolf[Grum] (8)]
  8651 | D:8      | HP: 1/51 [wolf[Grum] (10)]
  8667 | D:8      | Reached skill level 5 in Transmutations
  9269 | D:8      | Reached skill level 6 in Transmutations
  9564 | D:8      | Reached XP level 10. HP: 50/56 MP: 13/20
  9685 | D:8      | Reached skill level 7 in Transmutations
  9973 | D:8      | Found Geimunt's Antique Armour Shop.
 10002 | D:8      | HP: 12/56 [orc warrior/+0 scimitar (22)]
 10249 | D:8      | HP: 9/56 [orc warrior/+0 scimitar (10)]
 10251 | D:8      | Slain by an orc warrior

Vanquished Creatures
  2 hornets (D:8)
  Grum (D:7)
  2 water moccasins (D:7)
  An orc warrior (D:6)
  A black bear (D:7)
  2 ogres (D:7)
  4 wolves
  3 centaurs
  3 phantoms
  2 kobold brigands
  3 bullfrogs
  A necrophage (D:6)
  2 scorpions (D:5)
  8 wights
  2 howler monkeys (D:8)
  5 hounds
  3 orc priests
  2 jellies
  A gnoll shaman (D:6)
  4 iguanas
  3 orc wizards
  Natasha (thrice) (D:2)
  7 gnolls
  6 adders
  A shadow imp (D:7)
  A white imp (D:6)
  2 ufetubi
  2 worms (D:2)
  2 dart slugs
  15 orcs
  10 endoplasms
  5 giant cockroaches
  5 goblins
  2 hobgoblins (D:2)
  10 jackals
  8 kobolds
  4 quokkas
  5 ball pythons
  4 bats
  3 frilled lizards
  4 rats
154 creatures vanquished.

Vanquished Creatures (others)
  3 demonic plants (D:1)
  A fungus (D:1)
  A plant (D:5)
  A withered plant (D:1)
6 creatures vanquished.

Grand Total: 160 creatures vanquished

Table legend:
 A = Non-vault XP
 B = Vault XP
 C = Vault XP percentage of total XP
 D = Non-vault monster count
 E = Vault monster count
 F = Vault count percentage of total count
                 A         B        C        D         E       F
            +---------+---------+-------+---------+---------+-------
      Total |    4330 |     952 |  18.0 |     146 |       8 |   5.2
            +---------+---------+-------+---------+---------+-------
        D:1 |      43 |       0 |   0.0 |      24 |       0 |   0.0
        D:2 |     109 |      36 |  24.8 |      18 |       1 |   5.3
        D:3 |      61 |       0 |   0.0 |      12 |       0 |   0.0
        D:4 |     119 |       0 |   0.0 |      12 |       0 |   0.0
        D:5 |     442 |       0 |   0.0 |      16 |       0 |   0.0
        D:6 |    1161 |       0 |   0.0 |      23 |       0 |   0.0
        D:7 |    1071 |     578 |  35.1 |      19 |       4 |  17.4
        D:8 |    1324 |     338 |  20.3 |      22 |       3 |  12.0
            +---------+---------+-------+---------+---------+-------

Illustrated notes

Table legend:
 A = Kills in this place as a percentage of kills in entire the game.
 B = Kills by you in this place as a percentage of kills by you in the entire game.
 C = Kills by friends in this place as a percentage of kills by friends in the entire game.
 D = Other kills in this place as a percentage of other kills in the entire game.
 E = Experience gained in this place as a percentage of experience gained in the entire game.
 F = Experience gained in this place divided by the number of levels of this place that you have seen.
                   A       B       C       D       E      F
               +-------+-------+-------+-------+-------+----------------------
         Total | 100.0 | 100.0 |   N/A |   N/A | 100.0 | 586.9
       Dungeon | 100.0 | 100.0 |   N/A |   N/A | 100.0 | 660.2
               +-------+-------+-------+-------+-------+----------------------

Table legend: (Time is in decaauts)
 A = Elapsed time spent in this place.
 B = Non-inter-level travel time spent in this place.
 C = Inter-level travel time spent in this place.
 D = Time resting spent in this place.
 E = Time spent auto-exploring this place.
 F = Levels seen in this place.
 G = Mean time per level.
                   A        B        C        D        E       F      G
               +--------+--------+--------+--------+--------+-----+--------+
         Total |  10255 |   9901 |    354 |   3729 |   4641 |   9 | 1139.4 |
       Dungeon |  10089 |   9757 |    332 |   3729 |   4511 |   8 | 1261.1 |
        Temple |    165 |    143 |     22 |      0 |    130 |   1 |  165.0 |
               +--------+--------+--------+--------+--------+-----+--------+

Top non-repeatable levels by time:
     D:7: 2198 daAuts
     D:6: 1830 daAuts
     D:1: 1259 daAuts
     D:2: 1209 daAuts
     D:5: 1041 daAuts
     D:8: 978 daAuts
     D:3: 803 daAuts
     D:4: 767 daAuts
  Temple: 165 daAuts
